 Dungeon Crawl Stone Soup version 0.23-a0-378-gd7a6ca6 (webtiles) character file.

292714 MTVSty1e the Executioner (level 19, -10/183 HPs)
             Began as a Minotaur Fighter on Oct 27, 2018.
             Was an Initiate of the Shining One.
             Mangled by a stone giant (23 damage)
             ... created by the fury of Okawaru
             ... on level 2 of the Depths.
             The game lasted 01:47:28 (52125 turns).

MTVSty1e the Executioner (Minotaur Fighter)        Turns: 52125, Time: 01:47:29

Health: -10/183    AC: 24    Str: 32    XL:     19   Next: 99%
Magic:  0/39       EV:  9    Int:  5    God:    the Shining One [......]
Gold:   2890       SH: 15    Dex: 15    Spells: 18/18 levels left

rFire    + + +     SeeInvis +   J - +0 broad axe
rCold    + . .     Gourm    .   x - +1 shield {AC+3}
rNeg     . . .     Faith    .   M - +0 chain mail "Ruap" {rElec rF+ MP+9 Str+2}
rPois    .         Spirit   +   u - +2 hat of Resourcefulness {+Blink rC+ Dex+4 Stlth-}
rElec    +         Reflect  .   c - scarf {repulsion}
rCorr    .         Harm     .   l - +3 pair of gloves of Somewhere Else {rF+ MR+}
MR       +++..                  n - +0 pair of boots
Stlth    ..........             m - amulet of guardian spirit
HPRegen  0.40/turn              U - ring of protection from magic
MPRegen  0.26/turn              T - ring "Huur" {rF+ SInv}

@: hasted, glowing, repel missiles, very quick
A: retaliatory headbutt, horns 2, strong 1
}: 2/15 runes: decaying, gossamer
a: Renounce Religion, Evoke Blink


You were on level 2 of the Depths.
You worshipped the Shining One.
The Shining One was noncommittal.
You were not hungry.

You visited 8 branches of the dungeon, and saw 35 of its levels.
You also visited: Bailey and Volcano.

You collected 3400 gold pieces.
You spent 510 gold pieces at shops.

Inventory:

Hand Weapons
 J - a +0 broad axe (weapon)
 R - a +0 scimitar of flaming
 X - a +6 broad axe of draining
Armour
 a - a +1 crystal plate armour
 c - a scarf of repulsion (worn)
 l - the +3 pair of gloves of Somewhere Else (worn) {rF+ MR+}
   (You found it on level 1 of the Vaults)

   It protects you from fire.
   It affects your resistance to hostile enchantments.
 n - a +0 pair of boots (worn)
 u - the +2 hat of Resourcefulness (worn) {+Blink rC+ Dex+4 Stlth-}
   (Okawaru gifted it to you on level 1 of the Depths)

   It affects your dexterity (+4).
   It protects you from cold.
   It lets you blink.
   It makes you less stealthy.
 x - a +1 shield of protection (worn)
 M - the +0 chain mail "Ruap" (worn) {rElec rF+ MP+9 Str+2}
   (You found it on level 1 of the Depths)

   It affects your strength (+2).
   It protects you from fire.
   It insulates you from electricity.
   It affects your magic capacity (+9).
 S - a +0 plate armour of cold resistance
 V - the -4 cloak "Yxebunub" {MR+ Regen+ Str+4}
   (Okawaru gifted it to you on level 15 of the Dungeon)

   It affects your strength (+4).
   It affects your resistance to hostile enchantments.
   It increases your rate of regeneration.
Jewellery
 m - an amulet of guardian spirit (around neck)
 y - an uncursed ring of protection from cold
 A - an uncursed ring of positive energy
 H - an uncursed ring of resist corrosion
 L - an uncursed ring of protection from fire
 T - the ring "Huur" (right hand) {rF+ SInv}
   (You found it on level 12 of the Dungeon)

   [ring of see invisible]

   It protects you from fire.
   It lets you see invisible.
 U - a ring of protection from magic (left hand)
Wands
 b - a wand of clouds (6)
 e - a wand of digging (25)
 p - a wand of iceblast (14)
 v - a wand of acid (18)
 z - a wand of flame (53)
 E - a wand of disintegration (9)
 O - a wand of scattershot (4)
 Q - a wand of paralysis (37)
 Y - a wand of enslavement (14)
Scrolls
 d - 4 scrolls of identify
 h - 9 scrolls of remove curse
 i - 4 scrolls of teleportation
 k - 9 scrolls of amnesia
 D - 2 scrolls of magic mapping
 G - a scroll of summoning
 N - a scroll of enchant armour
Potions
 j - 4 potions of mutation
 o - 4 potions of brilliance
 q - 3 potions of magic
 r - 2 potions of ambrosia
 s - a potion of berserk rage
 t - 3 potions of flight
 w - 6 potions of agility
 B - 2 potions of resistance
 C - 7 potions of lignification
 F - a potion of cancellation
 K - 2 potions of invisibility
Comestibles
 f - 15 rations


   Skills:
 + Level 19.5 Fighting
 - Level 1.8 Long Blades
 + Level 23.6 Axes
 + Level 14.5 Armour
 + Level 12.9 Shields
 * Level 16.2 Invocations


You had 18 spell levels left.
You didn't know any spells.
Your spell library contained the following spells:

 Spells                   Type           Power        Failure   Level  Hunger
 Apportation              Tloc           #.....       91%         1    ##.....
 Confusing Touch          Hex            #.....       91%         1    ##.....
 Corona                   Hex            #......      91%         1    ##.....
 Flame Tongue             Conj/Fire      #....        91%         1    ##.....
 Freeze                   Ice            #...         91%         1    ##.....
 Magic Dart               Conj           #...         91%         1    ##.....
 Shock                    Conj/Air       #...         91%         1    ##.....
 Summon Butterflies       Summ           #.......     91%         1    ##.....
 Summon Small Mammal      Summ           #...         91%         1    ##.....
 Call Imp                 Summ           #.......     97%         2    ###....
 Corpse Rot               Necr           N/A          97%         2    ###....
 Ensorcelled Hibernation  Hex/Ice        #.....       97%         2    ###....
 Searing Ray              Conj           #.....       97%         2    ###....
 Sublimation of Blood     Necr           #.........   97%         2    ###....
 Swiftness                Chrm/Air       #.......     97%         2    ###....
 Throw Flame              Conj/Fire      #.....       97%         2    ###....
 Throw Frost              Conj/Ice       #.....       97%         2    ###....
 Call Canine Familiar     Summ           #.......     100%        3    ####...
 Confuse                  Hex            #.......     100%        3    ####...
 Conjure Flame            Conj/Fire      #.......     100%        3    ####...
 Dazzling Spray           Conj/Hex       #.....       100%        3    ####...
 Gell's Gravitas          Tloc           #.........   100%        3    ####...
 Inner Flame              Hex/Fire       #.......     100%        3    ####...
 Lesser Beckoning         Tloc           #.........   100%        3    ####...
 Ozocubu's Armour         Chrm/Ice       #.......     100%        3    ####...
 Static Discharge         Conj/Air       #.......     100%        3    ####...
 Summon Guardian Golem    Hex/Summ       #.......     100%        3    ####...
 Tukima's Dance           Hex            #.......     100%        3    ####...
 Airstrike                Air            #.........   100%        4    #####..
 Force Lance              Conj/Tloc      #.......     100%        4    #####..
 Fulminant Prism          Conj/Hex       #.........   100%        4    #####..
 Iskenderun's Mystic Bla  Conj           #.......     100%        4    #####..
 Petrify                  Tmut/Erth      #.......     100%        4    #####..
 Sticky Flame             Conj/Fire      #.......     100%        4    #####..
 Summon Ice Beast         Ice/Summ       #.......     100%        4    #####..
 Summon Lightning Spire   Summ/Air       #.......     100%        4    #####..
 Throw Icicle             Conj/Ice       #.......     100%        4    #####..
 Agony                    Necr           #.......     100%        5    ######.
 Alistair's Intoxication  Tmut/Pois      #.......     100%        5    ######.
 Bolt of Draining         Conj/Necr      #.........   100%        5    ######.
 Dispel Undead            Necr           #.......     100%        5    ######.
 Excruciating Wounds      Chrm/Necr      #.........   100%        5    ######.
 Fireball                 Conj/Fire      #.........   100%        5    ######.
 Lightning Bolt           Conj/Air       #.........   100%        5    ######.
 Metabolic Englaciation   Hex/Ice        #.........   100%        5    ######.
 Yara's Violent Unravell  Hex/Tmut       #.........   100%        5    ######.
 Invisibility             Hex            #.......     100%        6    #######
 Controlled Blink         Tloc           N/A          100%        8    #######
 Ignition                 Fire           #.........   100%        8    #######


Dungeon Overview and Level Annotations

Branches:
Dungeon (15/15)            Temple (1/1) D:5            Lair (6/6) D:8
  Swamp (4/4) Lair:3       Spider (4/4) Lair:4        Slime (0/5) Lair:5
    Orc (2/2) D:10            Elf (0/3) Orc:2        Vaults (1/5) D:13
 Depths (2/5) D:15

Altars:
Ashenzari
Cheibriados
Dithmenos
Elyvilon
Fedhas
Gozag
Hepliaklqana
Kikubaaqudgha
Makhleb
Nemelex Xobeh
Okawaru
Qazlal
Ru
Sif Muna
Trog
Uskayaw
Vehumet
Wu Jian
Xom
Yredelemnul
Zin
The Shining One
Beogh
Jiyva

Shops:
D:5 (   Orc:1 [   Orc:2 ([}}

Portals:
Hell: Depths:1
Abyss: Depths:1

Annotations:
D:3 1 runed door
D:5 2 runed doors, PeterLawrence's ghost, amateur MiFi


Innate Abilities, Weirdness & Mutations

You reflexively headbutt those who attack you in melee.
You have a pair of horns on your head.
Your muscles are strong. (Str +2)


Message History

The deep elf master archer is almost dead.
You slice the stone giant!!
You kill the stone giant!
That felt strangely unrewarding.
You hit the stone giant but do no damage.
You slash the centaur warrior!
You kill the centaur warrior!
That felt strangely unrewarding.
The deep elf master archer shoots an arrow.
The arrow hits you!
* * * LOW HITPOINT WARNING * * *
The arrow disappears in a puff of smoke!
You carve the deep elf master archer like a ham!!!
You kill the deep elf master archer!
That felt strangely unrewarding.
You slash the stone giant! You slice the ice dragon!!
You headbutt the ice dragon!
The ice dragon is heavily wounded.
You hit the stone giant but do no damage.
The stone giant hits you!!
You die...

..#...#...#.. .#
#...#.#...# #.
#D.#..#...#..#..#.
..# #.....###...#
#..#..[..#..#.$
.#...#..c..#...#..
....#.#...#.#.....
...#...#.#...#....
........D@C.......
#########.........
##########


You could see an ice dragon, a stone giant and a centaur.

Vanquished Creatures
  Arachne (Spider:3)
  Rupert (D:12)
  2 deep elf blademasters
  2 deep elf master archers
  3 titans
  4 thorn hunters
  Frances (Swamp:1)
  2 fire giants (Depths:1)
  2 frost giants
  5 ghost moths
  2 vault wardens (Vaults:1)
  The ghost of George the Fighter, a journeyman DsGl of Okawaru (D:15)
  4 emperor scorpions
  2 orc warlords
  An ironheart preserver (Vaults:1)
  3 entropy weavers
  2 stone giants
  3 very ugly things
  The ghost of eyesofgods1 the Carver, a journeyman OpFi of Gozag (Lair:6)
  Nessos (D:15)
  A yellow draconian (Depths:2)
  4 spark wasps
  A dire elephant (Lair:6)
  2 ettins (Depths:1)
  2 fire dragons
  2 yaktaur captains
  4 great orbs of eyes
  4 ogre magi
  Harold (D:8)
  18 hydras
  2 catoblepae
  An ice dragon (Depths:2)
  A shambling mangrove (Swamp:4)
  6 centaur warriors
  A ghost crab (Swamp:4)
  14 two-headed ogres
  2 death knights
  5 deep troll earth magi
  3 hell hogs (Depths:1)
  An orc high priest (Orc:2)
  2 deep troll shamans
  4 tengu warriors
  10 death yaks (Lair:6)
  12 alligators
  Urug (Orc:2)
  Nergalle (Lair:2)
  2 deep elf knights
  A shadow wraith (Vaults:1)
  An iron troll (Depths:1)
  6 unseen horrors
  5 skeletal warriors
  9 swamp dragons
  A spriggan druid (Swamp:4)
  2 wizards
  Pikel (D:4)
  A phantasmal warrior (D:13)
  3 glowing orange brains
  8 orc knights
  3 ironbrand convokers (Vaults:1)
  A deep elf archer (Depths:1)
  A wolf spider zombie (D:15)
  32 wolf spiders
  18 orb spiders
  2 anaconda skeletons (Volcano)
  3 deep elf magi
  8 cyclopes
  25 ugly things
  5 manticores
  3 orc sorcerers (Orc:2)
  A salamander (Depths:1)
  A moth of wrath (Spider:3)
  7 centaur zombies
  9 elephants
  Joseph (D:8)
  5 black mambas
  3 vault sentinels (Vaults:1)
  A molten gargoyle (Depths:1)
  8 gargoyles
  3 torpor snails
  15 spiny frogs
  5 kobold demonologists
  3 rime drakes
  An efreet (D:15)
  29 yaktaurs
  10 komodo dragons
  A queen bee (D:12)
  7 demonic crawlers
  12 trolls
  2 tengu conjurers
  6 meliai
  2 polar bears (Lair:6)
  A wind drake (shapeshifter) (D:13)
  42 jumping spiders
  A wolf spider simulacrum (D:14)
  11 hornets
  Grinder (D:3)
  7 blink frogs
  9 tyrant leeches
  33 slime creatures
  8 bog bodies
  18 hippogriffs
  A meliai zombie (D:13)
  6 dream sheep (Lair:6)
  3 flying skulls (Volcano)
  5 spriggans
  Sigmund (D:3)
  A centaur simulacrum (D:15)
  3 alligator skeletons (Volcano)
  91 redbacks
  19 tarantellas
  40 yaks
  5 shadows
  5 wraiths
  10 wyverns
  8 basilisks
  7 hungry ghosts
  13 vampire mosquitoes
  18 swamp worms
  4 wargs
  An acid dragon (D:12)
  9 hell hounds (Depths:1)
  8 water moccasins
  12 porcupines
  7 swamp drakes
  43 orc warriors
  3 ice beasts
  2 black bears (Lair:6)
  3 phantoms
  4 sky beasts
  An eye of draining (D:13)
  10 wolves
  2 necrophages
  14 ogres
  8 boggarts
  21 centaurs
  30 crocodiles
  8 big kobolds
  18 bullfrogs
  3 wyvern skeletons
  3 scorpions
  A water moccasin skeleton (D:12)
  18 killer bees
  A troll skeleton (Volcano)
  3 wights (D:11)
  4 spriggan skeletons (Volcano)
  2 vampire bats (D:7)
  5 crimson imps
  3 electric eels
  4 bullfrog zombies
  7 hounds
  25 orc priests
  13 orc wizards
  8 jellies
  2 bullfrog skeletons
  3 centaur skeletons
  A gnoll shaman (D:2)
  Jessica (D:2)
  10 iguanas
  Natasha (twice) (D:2)
  12 worker ants
  7 hell rats (Lair:5)
  A naga skeleton (Volcano)
  A hound zombie (D:10)
  2 hound skeletons
  Robin (D:3)
  15 gnolls
  17 adders
  3 shadow imps
  4 oozes
  5 dart slugs
  14 leopard geckos
  109 orcs
  8 bats
  4 giant cockroaches
  11 goblins
  11 hobgoblins
  12 jackals
  25 kobolds
  8 quokkas
  5 ball pythons
  A ball python skeleton (D:4)
  13 frilled lizards
  A leopard gecko skeleton (D:7)
  A quokka skeleton (D:5)
  A quokka zombie (D:5)
  9 rats
  11 briar patches
  A butterfly (Lair:3)
  9 fungi
  A plant (Lair:6)
1438 creatures vanquished.

Vanquished Creatures (others)
  A fire giant (D:15)
  A boggart (Depths:2)
  A crocodile (Lair:4)
  A briar patch (Swamp:2)
  10 fungi
  19 plants
33 creatures vanquished.

Grand Total: 1471 creatures vanquished

Notes
Turn   | Place    | Note
-------+----------+-------------------------------------------
     0 | D:1      | MTVSty1e the Minotaur Fighter began the quest for the Orb.
     0 | D:1      | Reached XP level 1. HP: 19/19 MP: 0/0
   105 | D:1      | Reached skill level 3 in Axes
   106 | D:1      | Reached XP level 2. HP: 27/27 MP: 1/1
   677 | D:2      | Reached XP level 3. HP: 33/33 MP: 2/2
   704 | D:2      | Reached skill level 4 in Axes
   709 | D:2      | Reached XP level 4. HP: 33/41 MP: 3/3
   723 | D:2      | Reached skill level 5 in Axes
  1014 | D:2      | Reached XP level 5. HP: 47/47 MP: 4/4
  1040 | D:2      | Noticed Jessica
  1040 | D:2      | Noticed Natasha
  1043 | D:2      | Killed Jessica
  1043 | D:2      | Reached skill level 5 in Fighting
  1045 | D:2      | Killed Natasha
  1311 | D:2      | Noticed Natasha
  1317 | D:2      | Killed Natasha
  1317 | D:2      | Reached skill level 6 in Axes
  1712 | D:3      | Noticed Sigmund
  1726 | D:3      | Killed Sigmund
  1726 | D:3      | Reached skill level 7 in Axes
  1726 | D:3      | Reached XP level 6. HP: 44/57 MP: 5/5
  1802 | D:3      | Noticed Grinder
  1804 | D:3      | Paralysed by Grinder for 4 turns
  1819 | D:3      | Killed Grinder
  1819 | D:3      | Reached skill level 8 in Axes
  1819 | D:3      | Reached XP level 7. HP: 31/64 MP: 6/6
  2116 | D:3      | Found a white marble altar of Elyvilon.
  2116 | D:3      | Noticed an angel
  2117 | D:3      | Found a runed door.
  2490 | D:3      | Noticed Robin
  2497 | D:3      | Killed Robin
  3277 | D:4      | Noticed Pikel
  3296 | D:4      | Killed Pikel
  3296 | D:4      | Reached skill level 10 in Axes
  3296 | D:4      | Reached XP level 8. HP: 49/74 MP: 5/7
  3574 | D:5      | Entered Level 5 of the Dungeon
  3606 | D:5      | Found Enuet's Weapon Emporium.
  3618 | D:5      | Found a runed door.
  3621 | D:5      | Noticed PeterLawrence's ghost (amateur MiFi)
  3713 | D:5      | Found a runed door.
  3991 | D:5      | Found a staircase to the Ecumenical Temple.
  3994 | D:5      | Reached skill level 11 in Axes
  4005 | Temple   | Entered the Ecumenical Temple
  4010 | Temple   | Became a worshipper of Warmaster Okawaru
  4548 | D:6      | Reached XP level 9. HP: 77/82 MP: 8/8
  5036 | D:7      | Reached skill level 12 in Axes
  5043 | D:7      | Reached * piety under Okawaru
  5735 | D:7      | Reached ** piety under Okawaru
  5735 | D:7      | Reached skill level 10 in Fighting
  5767 | D:7      | Reached skill level 13 in Axes
  5941 | D:8      | Noticed Harold
  5952 | D:8      | Killed Harold
  5952 | D:8      | Reached XP level 10. HP: 84/94 MP: 7/9
  6016 | D:8      | Noticed Joseph
  6035 | D:8      | Killed Joseph
  6181 | D:8      | Reached skill level 14 in Axes
  6189 | D:8      | Found a staircase to the Lair.
  6233 | D:8      | Reached *** piety under Okawaru
  6565 | D:8      | Killed an unseen horror
  7505 | D:9      | Reached skill level 15 in Axes
  7821 | D:9      | Found a basalt altar of Yredelemnul.
  7829 | D:9      | Found an opulent altar of Gozag.
  8063 | D:9      | Found a blossoming altar of Fedhas.
  8333 | D:10     | Entered Level 10 of the Dungeon
  8549 | D:10     | Reached **** piety under Okawaru
  8863 | D:10     | Found a staircase to the Orcish Mines.
  8909 | D:10     | Reached XP level 11. HP: 97/104 MP: 8/10
  9015 | Orc:1    | Entered Level 1 of the Orcish Mines
  9293 | D:11     | Got a dazzling whip
  9309 | D:11     | Reached skill level 16 in Axes
  9350 | D:11     | Reached ***** piety under Okawaru
  9786 | D:11     | Identified the cursed +1 whip "Ucuucrui" {venom, rF+} (You
                  | found it on level 11 of the Dungeon)
  9837 | D:11     | Noticed a four-headed hydra
 10091 | Lair:1   | Entered Level 1 of the Lair of Beasts
 10343 | Lair:1   | Received a gift from Okawaru
 10538 | Lair:1   | Reached skill level 17 in Axes
 10972 | Lair:1   | Received a gift from Okawaru
 11485 | Lair:2   | Noticed Nergalle
 11556 | Lair:2   | Reached XP level 12. HP: 100/115 MP: 9/11
 11686 | Lair:2   | Reached ****** piety under Okawaru
 11693 | Lair:2   | Reached skill level 18 in Axes
 11694 | Lair:2   | Received a gift from Okawaru
 12101 | Lair:2   | Killed Nergalle
 12372 | Lair:3   | Identified the +1 spear of Okawaru's Fury {pierce, *Slow
                  | rC+ rN++} (You found it on level 3 of the Lair of Beasts)
 12774 | Lair:3   | Found a staircase to the Swamp.
 13735 | Lair:4   | Found a dark tunnel.
 13739 | Volcano  | Entered a volcano
 13759 | Volcano  | Reached skill level 19 in Axes
 15050 | Lair:4   | Received a gift from Okawaru
 15053 | Lair:4   | Got an encrusted hand axe {god gift}
 15054 | Lair:4   | Identified the +8 hand axe "Podyah" {drain, rPois} (Okawaru
                  | gifted it to you on level 4 of the Lair of Beasts)
 15272 | Lair:4   | Reached skill level 15 in Fighting
 15277 | Lair:4   | Reached XP level 13. HP: 126/126 MP: 12/12
 15412 | Lair:4   | Reached skill level 1 in Invocations
 15567 | Lair:4   | Found a hole to the Spider Nest.
 17009 | Lair:4   | Reached skill level 20 in Axes
 17016 | Lair:4   | Received a gift from Okawaru
 17016 | Lair:4   | Reached skill level 5 in Armour
 17762 | Lair:5   | Identified the Guide on the Displaced Volcanoes
 18201 | Lair:5   | Found a viscous altar of Jiyva.
 18201 | Lair:5   | Found a staircase to the Slime Pits.
 18313 | Lair:6   | Entered Level 6 of the Lair of Beasts
 18671 | Lair:6   | Reached XP level 14. HP: 112/136 MP: 13/16
 18848 | Lair:6   | Found a runed door.
 18857 | Lair:6   | Received a gift from Okawaru
 18867 | Lair:6   | Noticed eyesofgods1's ghost (journeyman OpFi)
 18910 | Lair:6   | Reached skill level 5 in Invocations
 19014 | Lair:6   | Killed eyesofgods1's ghost
 19403 | Lair:6   | Reached skill level 21 in Axes
 20485 | Lair:6   | Identified the cursed +0 lajatang "Afargh" {flame, +Rage
                  | rN+++ Int-2} (You found it on level 6 of the Lair of
                  | Beasts)
 21457 | D:11     | Gained mutation: You are surrounded by a mild repulsion
                  | field. (EV +2) [potion of mutation]
 21457 | D:11     | Lost mutation: You are surrounded by a mild repulsion
                  | field. (EV +2) [potion of mutation]
 21457 | D:11     | Gained mutation: Your muscles are strong. (Str +2) [potion
                  | of mutation]
 21679 | D:12     | Found a flagged portal.
 21696 | Bailey   | Entered a bailey
 21902 | Bailey   | Identified the cursed +3 great sword "Luhaijus" {vamp,
                  | +Rage rPois Str+2} (You found it in a bailey)
 22195 | D:12     | Received a gift from Okawaru
 22196 | D:12     | Found the +7 longbow "Piercer" {penet, EV-2}
 22430 | D:12     | Paralysed by an ogre mage for 3 turns
 22777 | D:12     | Noticed a green very ugly thing
 22789 | D:12     | Killed a green very ugly thing
 22816 | D:12     | Got a crude lapis lazuli ring
 22844 | D:12     | Received a gift from Okawaru
 23359 | D:12     | Reached skill level 5 in Shields
 23660 | D:12     | Noticed Rupert
 23676 | D:12     | Killed Rupert
 23676 | D:12     | Received a gift from Okawaru
 23676 | D:12     | Reached XP level 15. HP: 140/145 MP: 13/19
 23764 | D:12     | Identified the ring "Huur" {rF+ SInv} (You found it on
                  | level 12 of the Dungeon)
 24627 | D:13     | Found a gate to the Vaults.
 24939 | D:13     | Received a gift from Okawaru
 25448 | D:14     | Reached skill level 10 in Armour
 26203 | D:14     | Found an opulent altar of Gozag.
 26301 | D:15     | Entered Level 15 of the Dungeon
 27015 | D:15     | Noticed an orc warlord
 27027 | D:15     | Noticed Nessos
 27035 | D:15     | Killed Nessos
 27039 | D:15     | Noticed George's ghost (journeyman DsGl)
 27056 | D:15     | Found a runed gate.
 27056 | D:15     | Found a runed gate.
 27056 | D:15     | Found a runed gate.
 27442 | D:15     | Reached skill level 22 in Axes
 27447 | D:15     | Received a gift from Okawaru
 27467 | D:15     | Got a jewelled cloak {god gift}
 27478 | D:15     | Identified the -4 cloak "Yxebunub" {MR+ Regen+ Str+4}
                  | (Okawaru gifted it to you on level 15 of the Dungeon)
 27533 | D:15     | Noticed a fire giant
 27555 | D:15     | Killed a fire giant
 27564 | D:15     | Reached skill level 10 in Invocations
 27741 | D:15     | Found a sparkling altar of Nemelex Xobeh.
 28090 | D:15     | Found a staircase to the Depths.
 28199 | D:15     | Reached XP level 16. HP: 155/155 MP: 17/22
 28252 | D:15     | Killed George's ghost
 28862 | Orc:2    | Entered Level 2 of the Orcish Mines
 28932 | Orc:1    | Reached XP level 17. HP: 152/161 MP: 22/24
 28979 | Orc:1    | Found Ufaest's Armour Shop.
 29178 | Orc:2    | Noticed Urug
 29202 | Orc:2    | Killed Urug
 29513 | Orc:2    | Found a roughly hewn altar of Beogh.
 29528 | Orc:2    | Found Buptogosk's Gadget Shoppe.
 29601 | Orc:2    | Found a bloodstained altar of Trog.
 29725 | Orc:2    | Found a staircase to the Elven Halls.
 29769 | Orc:2    | Found a roughly hewn altar of Beogh.
 29779 | Orc:2    | Found a roughly hewn altar of Beogh.
 29779 | Orc:2    | Found Rabbeoru's Gadget Boutique.
 29839 | Orc:2    | Found a roughly hewn altar of Beogh.
 29948 | Orc:2    | Found a roughly hewn altar of Beogh.
 30054 | Orc:2    | Received a gift from Okawaru
 30061 | Orc:2    | Found Hevvixie's Antique Weapon Shop.
 30301 | Orc:2    | Found Gan Piagg's Antique Armour Boutique.
 30302 | Orc:2    | Found a roughly hewn altar of Beogh.
 30331 | Orc:2    | Bought a pair of runed gloves for 255 gold pieces
 30331 | Orc:2    | Bought a runed shield for 255 gold pieces
 30724 | Spider:1 | Entered Level 1 of the Spider Nest
 31864 | Spider:2 | Identified a scroll of acquirement
 32475 | Spider:2 | Received a gift from Okawaru
 34402 | Spider:3 | Received a gift from Okawaru
 34414 | Spider:3 | Identified the +4 hand axe of Bloodstone {drain, MR+ Int+8}
                  | (Okawaru gifted it to you on level 3 of the Spider Nest)
 34952 | Spider:3 | Noticed Arachne
 34977 | Spider:3 | Killed Arachne
 35005 | Spider:3 | Reached XP level 18. HP: 131/172 MP: 18/26
 35296 | Spider:3 | Reached skill level 10 in Shields
 35774 | Spider:4 | Entered Level 4 of the Spider Nest
 36478 | Spider:4 | Received a gift from Okawaru
 37710 | Spider:4 | Received a gift from Okawaru
 38005 | Spider:4 | Received a gift from Okawaru
 38397 | Spider:4 | Got a gossamer rune of Zot
 38766 | Vaults:1 | Entered Level 1 of the Vaults
 39617 | Vaults:1 | Reached skill level 23 in Axes
 39620 | Vaults:1 | Received a gift from Okawaru
 39631 | Vaults:1 | Got a pair of translucent gloves
 39643 | Vaults:1 | Identified the +3 pair of gloves of Somewhere Else {rF+
                  | MR+} (You found it on level 1 of the Vaults)
 41001 | Swamp:1  | Entered Level 1 of the Swamp
 41717 | Swamp:1  | Noticed Frances
 41736 | Swamp:1  | Killed Frances
 41756 | Swamp:1  | Reached XP level 19. HP: 106/181 MP: 16/29
 42297 | Swamp:1  | Received a gift from Okawaru
 43559 | Swamp:2  | Reached skill level 15 in Invocations
 43983 | Swamp:2  | Reached skill level 1 in Long Blades
 45192 | Swamp:4  | Entered Level 4 of the Swamp
 48044 | Swamp:4  | Got a decaying rune of Zot
 48604 | Depths:1 | Entered Level 1 of the Depths
 48633 | Depths:1 | Received a gift from Okawaru
 48636 | Depths:1 | Got a translucent hat {god gift}
 48643 | Depths:1 | Identified the +2 hat of Resourcefulness {+Blink rC+ Dex+4
                  | Stlth-} (Okawaru gifted it to you on level 1 of the Depths)
 49485 | Temple   | Fell from the grace of Okawaru
 49485 | Temple   | Became a worshipper of the Shining One
 50168 | Depths:1 | Identified the cursed +0 chain mail "Ruap" {rElec rF+ MP+9
                  | Str+2} (You found it on level 1 of the Depths)
 50266 | Depths:1 | Found a one-way gate to the infinite horrors of the Abyss.
 50410 | Depths:1 | Found a gateway to Hell.
 50540 | Depths:1 | HP: 5/183 [stone giant/large rock[the fury of Okawaru]
                  | (15)]
 50542 | Depths:1 | The Shining One protects you from harm!
 52125 | Depths:2 | Mangled by a stone giant

Vault maps used:
D:1:      eino_arrival_water_cross
D:2:      first_ration, uniq_jessica, uniq_natasha
D:3:      lemuel_angel_altar, uniq_sigmund, uniq_robin, uniq_grinder
D:4:      uniq_pikel
D:5:      minmay_temple_entry_crystal_x, ebering_ghost_sewer_f, serial_shops,
          shop
D:7:      roderic_batcave
D:8:      lair_entry_dummy, kennysheep_opposing_triangles, uniq_harold,
          uniq_joseph
D:9:      grunt_temple_overflow_open, blue_anna_alchemist, fedhas_altar_3
D:10:     minmay_orc_entry_guard_dogs
D:11:     serial_undead, serial_undead_e, serial_undead_e, serial_undead_c,
          serial_undead_e, serial_undead_a, corexii_corridor_pit
D:12:     minmay_spiral_squares, special_room, enter_bailey_2, uniq_rupert
D:13:     david_vaults_1
D:14:     minmay_misc_feat_square, basic_altar
D:15:     grunt_enter_depths_snipers, grunt_decor_resistance,
          gammafunk_ghost_split, nemelex_diamond_rough_becter, uniq_nessos
Temple:   regret_index_temple_chain_breaker
Lair:1:   serial_bayou_shore_b
Lair:2:   uniq_nergalle
Lair:3:   minmay_swamp_entry_worms, chequers_serial_rivers_large_a,
          serial_bayou_shore_a, lemuel_fruit_fields
Lair:4:   lemuel_reptile_caves, nicolae_spider_entry_tight_spaces,
          nicolae_volcano_entry_hallway, special_room
Lair:5:   dpeg_slime_entry_enclosed_altar
Lair:6:   grunt_lair_end_beastmaster, ebering_ghost_funeral_grove, st_stairs_7,
          patterned_corridor, grunt_megastairs_1
Swamp:1:  nicolae_swamp_trees_clearing, uniq_frances
Swamp:2:  evilmike_swamp_ruin_rubble_2, swamp_pool1
Swamp:3:  nicolae_swamp_feature_on_the_river_bank, swamp_pool3
Swamp:4:  swamp_basic_johnstein
Spider:3: guppyfry_spider_mini_1, uniq_arachne
Spider:4: spider_rune_water
Orc:1:    serial_shops, shop
Orc:2:    grunt_orc_community_town_hall, grunt_orc_community_big_house_1,
          grunt_orc_community_big_house_2, grunt_orc_community_house_1,
          grunt_orc_community_house_2, grunt_orc_community_house_2,
          grunt_orc_community_house_3, trog_book, uniq_urug
Vaults:1: ontoclasm_vaults_misaligned, vaults_room_stairs_pillars,
          vaults_dpeg_spiral, vaults_dpeg_encased_lava,
          vaults_room_grunt_arrival_ludios, st_smaller_cells,
          hangedman_vaults_stream, ontoclasm_vaults_gateway, v_pattern_3,
          ontoclasm_vaults_eye, vaults_room_fours, nicolae_vaults_shelves_hall,
          v_misc_23, nicolae_vaults_windows_and_doors_thing,
          nicolae_vaults_shelves_hall
Depths:1: kennysheep_boxes, grunt_hell_horde, abyss_entry_crystal,
          kennysheep_nub, st_stairs_3, grunt_tough_drop
Depths:2: kennysheep_oblong_rooms, hellmouth_1, minmay_splitting_lines,
          serial_shops, shop, minmay_stone_trees_small, grunt_ministairs_5,
          basic_stair_grate_trap
Bailey:   bailey_polearm_2, bailey
Volcano:  volcano_tomb

Skill      XL: |  1  2  3  4  5  6  7  8  9 10 11 12 13 14 15 16 17 18 19 |
---------------+----------------------------------------------------------+-----
Axes           | 3 4 5 7 8 10 11 13 15 17 19 20 21 22 23 | 23.6
Fighting       | 4 5 6 7 8 10 12 13 15 16 17 18 19 | 19.5
Invocations    | 4 7 10 11 13 14 16 | 16.2
Armour         | 7 9 10 12 13 14 | 14.5
Shields        | 5 7 8 9 11 12 | 12.9
Long Blades    | 1 |  1.8

Action                   |  1- 3 |  4- 6 |  7- 9 | 10-12 | 13-15 | 16-18 | 19-21 || total
-------------------------+-------+-------+-------+-------+-------+-------+-------++-------
Melee: War axe           |    67 |    68 |   336 |   689 |       |       |       ||  1160
       Headbutt          |     8 |    11 |    81 |   188 |   326 |   389 |   219 ||  1222
       Hand axe          |       |       |       |    18 |  1305 |  1107 |       ||  2430
       Spear             |       |       |       |       |    25 |       |       ||    25
       Broad axe         |       |       |       |       |       |   269 |   686 ||   955
       Whip              |       |       |       |       |       |    30 |       ||    30
       Scimitar          |       |       |       |       |       |       |    71 ||    71
Invok: Heroism           |       |       |       |     4 |     7 |     5 |    10 ||    26
       Finesse           |       |       |       |       |     5 |     5 |     2 ||    12
Evoke: Wand              |       |       |       |     1 |       |       |     1 ||     2
  Use: Potion            |       |     2 |     3 |     3 |     5 |    11 |     7 ||    31
       Scroll            |       |     1 |    13 |    16 |    15 |    11 |    18 ||    74
 Stab: Petrified         |       |       |       |       |     5 |       |       ||     5
  Eat: Ration            |       |     1 |     2 |     9 |    14 |    12 |    10 ||    48
       Chunk             |       |       |     6 |     4 |     1 |     3 |     1 ||    15
Armor: Scale mail        |    29 |    17 |    61 |       |    60 |       |       ||   167
       Plate armour      |       |       |    58 |   335 |   221 |   575 |    41 ||  1230
       Crystal plate arm |       |       |       |       |   308 |       |       ||   308
       Swamp dragon scal |       |       |       |       |       |    12 |   362 ||   374
       Chain mail        |       |       |       |       |       |       |    94 ||    94
Dodge: Dodged            |    22 |    10 |    76 |    97 |   143 |   241 |   327 ||   916
       Deflected         |       |       |       |       |    11 |    15 |    19 ||    45
Block: Shield            |    30 |    34 |   148 |   257 |    91 |   740 |   634 ||  1934
       Large shield      |       |       |       |       |   761 |   159 |       ||   920
       Rpst.: Scimitar   |       |       |       |       |       |       |     9 ||     9

Table legend:
 A = Non-vault XP
 B = Vault XP
 C = Vault XP percentage of total XP
 D = Non-vault monster count
 E = Vault monster count
 F = Vault count percentage of total count
                 A         B        C        D         E       F
            +---------+---------+-------+---------+---------+-------
      Total |  264990 |  145636 |  35.5 |     973 |     426 |  30.5
            +---------+---------+-------+---------+---------+-------
        D:1 |      40 |       0 |   0.0 |      24 |       0 |   0.0
        D:2 |     222 |      70 |  24.0 |      29 |       2 |   6.5
        D:3 |      96 |     529 |  84.6 |      15 |      12 |  44.4
        D:4 |     232 |     673 |  74.4 |      20 |       1 |   4.8
        D:5 |     719 |       0 |   0.0 |      26 |       0 |   0.0
        D:6 |     612 |       0 |   0.0 |      23 |       0 |   0.0
        D:7 |    1349 |     120 |   8.2 |      36 |       7 |  16.3
        D:8 |    2179 |    1815 |  45.4 |      29 |       6 |  17.1
        D:9 |     893 |      91 |   9.2 |      26 |       1 |   3.7
       D:10 |    1335 |     493 |  27.0 |      19 |       3 |  13.6
       D:11 |    4715 |     393 |   7.7 |      22 |       6 |  21.4
       D:12 |    3823 |   18380 |  82.8 |      29 |      57 |  66.3
       D:13 |   14949 |    1594 |   9.6 |      52 |       4 |   7.1
       D:14 |    6632 |       0 |   0.0 |      22 |       0 |   0.0
       D:15 |   18922 |   10507 |  35.7 |      46 |      11 |  19.3
     Lair:1 |    5840 |       0 |   0.0 |      25 |       0 |   0.0
     Lair:2 |    5575 |     800 |  12.5 |      24 |       1 |   4.0
     Lair:3 |    3684 |     434 |  10.5 |      19 |       2 |   9.5
     Lair:4 |    3825 |    8739 |  69.6 |      15 |      60 |  80.0
     Lair:5 |    2728 |       0 |   0.0 |      17 |       0 |   0.0
     Lair:6 |   13582 |   14851 |  52.2 |      40 |      33 |  45.2
    Swamp:1 |   12676 |    2224 |  14.9 |      31 |       1 |   3.1
    Swamp:2 |   12224 |       0 |   0.0 |      23 |       0 |   0.0
    Swamp:3 |    3024 |    1095 |  26.6 |      11 |       2 |  15.4
    Swamp:4 |   11881 |   19228 |  61.8 |      21 |      27 |  56.2
   Spider:1 |   16122 |       0 |   0.0 |      48 |       0 |   0.0
   Spider:2 |   14704 |       0 |   0.0 |      40 |       0 |   0.0
   Spider:3 |   19588 |    5420 |  21.7 |      51 |       8 |  13.6
   Spider:4 |   12129 |   22972 |  65.4 |      33 |      40 |  54.8
      Orc:1 |    1121 |       0 |   0.0 |      16 |       0 |   0.0
      Orc:2 |    6846 |    7188 |  51.2 |      31 |      68 |  68.7
   Vaults:1 |   26935 |   10087 |  27.2 |      57 |      16 |  21.9
   Depths:1 |   27033 |    7576 |  21.9 |      39 |      15 |  27.8
   Depths:2 |    8755 |    2230 |  20.3 |      14 |       3 |  17.6
     Bailey |       0 |    1840 | 100.0 |       0 |      19 | 100.0
    Volcano |       0 |    6287 | 100.0 |       0 |      21 | 100.0
            +---------+---------+-------+---------+---------+-------
